 Dungeon Crawl Stone Soup version 0.31-a0-1074-g0b22e4e0f1 (webtiles) character file.

Game seed: 9049034170712268140

7184 wingedge the Fighter (level 10, -1/91 HPs)
             Began as a Demigod Enchanter on Dec 8, 2023.
             Slain by an orc knight
             ... wielding a +0 war axe
              (20 damage)
             ... in a bailey.
             The game lasted 00:37:04 (7215 turns).

wingedge the Fighter (Demigod Enchanter)            Turns: 7215, Time: 00:37:05

Health: -1/91      AC: 21    Str: 20    XL:     10   Next: 56%
Magic:  7/7        EV:  8    Int: 19    God:
Gold:   1498       SH:  0    Dex: 18    Spells: 11/13 levels left

rFire   x . .        a - +8 whip "Peoghoff" {flame, Contam rElec Will+}
rCold   + . .        l - orb {light}
rNeg    + . .        w - +1 plate armour of the Marlin {Contam rN+ Regen+ Slay+5}
rPois   +            z - +0 helmet
rElec   +            x - +0 cloak
rCorr   .            v - +0 pair of gloves {Str+3}
SInv    .            H - +1 pair of boots
Will    ++++.        Q - amulet of regeneration Stlth
                     e - ring of poison resistance
HPRegen 1.95/turn    J - ring of the Tortured God {Ice Will++ MP-9 Int+2 Slay+3}
MPRegen 0.10/turn

%: no passive effects
@: glowing
A: high MP 1, forlorn, divine attributes
a: no special abilities


You were in a bailey.
You visited 1 branch of the dungeon, and saw 9 of its levels.
You also visited: Sewer, Ossuary and Bailey.

You collected 1638 gold pieces.
You spent 140 gold pieces at shops.

Inventory:

Hand Weapons
 a - the +8 whip "Peoghoff" (weapon) {flame, Contam rElec Will+}
   (You found it on level 6 of the Dungeon)

   rElec:     It insulates you from electricity.
   Will+:     It increases your willpower.
   Contam:    It causes magical contamination when unequipped.
 b - a +2 dagger of electrocution
 c - a +4 sling
 u - a +0 morningstar
 M - a +0 great sword
 S - a +0 battleaxe of electrocution
Missiles
 i - 4 javelins
 R - a curare-tipped dart
Armour
 l - an orb of light (worn)
 v - a +0 pair of gloves of strength (worn)
 w - the +1 plate armour of the Marlin (worn) {Contam rN+ Regen+ Slay+5}
   (You found it on level 2 of the Dungeon)

   Slay+5:    It affects your accuracy & damage with ranged weapons and melee
   (+5).
   rN+:       It protects you from negative energy.
   Contam:    It causes magical contamination when unequipped.
   Regen+:    It increases your rate of health regeneration.
 x - a +0 cloak (worn)
 z - a +0 helmet (worn)
 H - a +1 pair of boots (worn)
Jewellery
 d - a ring of wizardry
 e - a ring of poison resistance (left hand)
 J - the ring of the Tortured God (right hand) {Ice Will++ MP-9 Int+2 Slay+3}
   (You acquired it on level 5 of the Dungeon)

   [ring of ice]

   Ice:       It enhances your ice magic.
   Int+2:     It affects your intelligence (+2).
   Slay+3:    It affects your accuracy & damage with ranged weapons and melee
   (+3).
   rF-:       It makes you vulnerable to fire.
   rC+:       It protects you from cold.
   Will++:    It greatly increases your willpower.
   MP-9:      It affects your magic capacity (-9).
 L - a ring of willpower
 Q - an amulet of regeneration (around neck)
Wands
 s - a wand of roots (6)
 G - a wand of polymorph (16)
 K - a wand of paralysis (3)
 P - a wand of mindburst (15)
Scrolls
 f - 2 scrolls of enchant armour
 g - 2 scrolls of brand weapon
 h - 3 scrolls of teleportation
 o - a scroll of poison
 p - 3 scrolls of immolation
 y - a scroll of fear
 B - a scroll of amnesia {unknown}
 D - a scroll of fog {unknown}
 F - 2 scrolls of summoning {unknown}
 I - 3 scrolls of vulnerability {unknown}
 N - a scroll of blinking {unknown}
Potions
 j - 4 potions of enlightenment
 k - a potion of attraction
 m - 7 potions of heal wounds
 n - 2 potions of lignification {unknown}
 q - 2 potions of berserk rage {unknown}
 r - 2 potions of resistance {unknown}
 t - 2 potions of might {unknown}
 A - 3 potions of mutation {unknown}
 C - 5 potions of curing
 E - a potion of ambrosia {unknown}
 O - 2 potions of invisibility
 T - a potion of haste


   Skills:
 + Level 9.6 Fighting
 - Level 2.0 Short Blades
 * Level 4.6 Axes
 - Level 2.0 Ranged Weapons
 - Level 1.0 Throwing
 + Level 8.8 Armour
 - Level 5.0 Dodging
 - Level 3.0 Stealth
 - Level 2.0 Spellcasting
 - Level 3.0 Hexes
 - Level 2.0 Ice Magic


You had 11 spell levels left.
You knew the following spells:

 Your Spells              Type           Power      Damage    Failure   Level
a - Ensorcelled Hibernat  Hex/Ice        34%        N/A       86%         2

Your spell library contained the following spells:

 Spells                   Type           Power      Damage    Failure   Level
 Confusing Touch          Hex            13%        N/A       95%         3
 Sigil of Binding         Hex            13%        N/A       95%         3
 Tukima's Dance           Hex            13%        N/A       95%         3
 Sandblast                Erth           2%         2d4       97%         1
 Cigotuvi's Dreadful Rot  Necr/Pois/Air  2%         N/A       99%         2
 Passwall                 Tmut/Erth      0%         N/A       99%         2
 Dazzling Flash           Conj/Hex       14%        N/A       99%         3
 Hailstorm                Conj/Ice       8%         3d4       99%         3
 Inner Flame              Hex/Fire       7%         N/A       99%         3
 Call Canine Familiar     Summ           1%         N/A       100%        3
 Ignite Poison            Fire/Tmut/Pois 1%         N/A       100%        3
 Stone Arrow              Conj/Erth      2%         3d7       100%        3
 Brom's Barrelling Bould  Conj/Erth      1%         2d3       100%        4
 Dimensional Bullseye     Hex/Tloc       3%         N/A       100%        4
 Leda's Liquefaction      Hex/Erth       3%         N/A       100%        4
 Freezing Cloud           Conj/Ice/Air   3%         6-21      100%        5
 Irradiate                Conj/Tmut      0%         3d11      100%        5
 Conjure Ball Lightning   Conj/Air       0%         3x3d6     100%        6


Dungeon Overview and Level Annotations

Branches:
Dungeon (9/15)             Temple (0/1) D:5            Lair (0/5) D:9
    Orc (0/2) D:9           Sewer (visited)         Ossuary (visited)
 Bailey (1/1)

Shops:
D:2 *   D:8 !


Innate Abilities, Weirdness & Mutations

You have an increased reservoir of magic. (+10% MP)
You shall have no god before yourself.
Your divine heritage dramatically boosts your attributes as you level up.


Message History

The orc knight roars a battlecry!
The orc warriors go into a battle-frenzy!
The orc warrior barely misses you.
The kobold brigand hits you but does no damage.
You whack the kobold brigand! You burn the kobold brigand.
You kill the kobold brigand!
The orc knight hits you with a +0 war axe.
The orc warrior hits you with a +0 war axe!!
You completely miss the orc knight.
The orc knight hits you but does no damage.
The orc warrior barely misses you.
The orc warrior hits you with a +0 war axe.
Okay, then.
Okay, then.
Press: ? - help, v - describe, . - travel, g - get item
Here: an orc knight, wielding a +0 war axe, wearing a +0 chain mail and quivering datura-tipped darts (haloed)
Items here: (( )) †.
The floor, spattered with blood.
Unknown command.
You whack the orc warrior! You burn the orc warrior.
The orc warrior is almost dead.
The orc knight hits you but does no damage.
The orc warrior hits you with a +0 war axe!
The orc warrior hits you with a +0 war axe!!
* * * LOW HITPOINT WARNING * * *
As you read the scroll of fear, it crumbles to dust.
You assume a fearsome visage.
The orc knight easily resists.
The orc warrior looks frightened! x2; The orc knight barely misses you.
The orc warrior prays for help.
Press: ? - help, v - describe, . - travel, g - get item
Here: an orc knight, wielding a +0 war axe, wearing a +0 chain mail and quivering datura-tipped darts (haloed)
Items here: (( )) †.
The floor, spattered with blood.
Unknown command.
Aiming: Paralyse
Press: ? - help, Shift-Dir - straight line, f - orc knight
Aim: an orc knight, wielding a +0 war axe, wearing a +0 chain mail and quivering datura-tipped darts (haloed, chance to affect: 31%)
The orc knight easily resists.
The orc knight hits you with a +0 war axe!!
You die...

.............
K...........
.K..K......
........ ......
...# ###'###
##@o(..##
#..)8...#
#∩o.o..∩#
##.....##
####'''####
##~.......~##
###~~....)..~~###
...~~.......~~...
.###~~....(..~~###


You could see an orc knight and 2 orc warriors.

Vanquished Creatures
  Sigmund (D:5)
  A wraith (Ossuary)
  9 yaks
  2 wyverns
  Eustachio (D:4)
  A human (D:7)
  A steam dragon (D:9)
  Menkaure (D:4)
  A water moccasin (D:6)
  5 orc warriors
  An ice beast (D:5)
  A sky beast (D:7)
  3 black bears
  2 ogres (D:5)
  3 centaurs
  A phantom (D:5)
  10 kobold brigands
  2 elf zombies
  4 bullfrogs
  4 scorpions
  3 wights (D:8)
  5 killer bees (D:9)
  2 howler monkeys
  A gnoll bouda (D:8)
  4 hounds
  11 orc priests
  Crazy Yiuf (D:2)
  A human skeleton (D:4)
  5 iguanas
  17 orc wizards
  3 mummies (Ossuary)
  7 gnolls
  12 adders
  2 river rats (Sewer)
  A shadow imp (D:5)
  2 white imps
  2 ufetubi (D:6)
  3 worms
  2 dart slugs
  51 orcs
  7 ball pythons
  5 bats
  A bat zombie (D:4)
  5 endoplasms
  6 giant cockroaches
  13 goblins
  6 hobgoblins
  A jackal (Sewer)
  37 kobolds
  4 quokkas
  13 frilled lizards
  A goblin skeleton (D:7)
  3 goblin zombies (Ossuary)
  4 hobgoblin zombies (Ossuary)
  A kobold skeleton (D:7)
  2 kobold zombies (Ossuary)
  3 orc skeletons (D:4)
  An orc zombie (D:4)
  15 rats
  3 rat zombies (D:4)
320 creatures vanquished.

Notes
Turn   | Place    | Note
-------+----------+-------------------------------------------
     0 | D:1      | wingedge the Demigod Enchanter began the quest for the Orb.
     0 | D:1      | Reached XP level 1. HP: 14/14 MP: 5/5
    80 | D:1      | Reached skill level 1 in Short Blades
   144 | D:1      | Reached XP level 2. HP: 19/20 MP: 7/7
   648 | D:1      | Reached skill level 1 in Ice Magic
   672 | D:1      | Learned a level 2 spell: Ensorcelled Hibernation
   914 | D:2      | Reached XP level 3. HP: 21/26 MP: 5/8
  1062 | D:2      | Found a runed translucent door.
  1063 | D:2      | Noticed Crazy Yiuf
  1348 | D:2      | Reached skill level 1 in Ranged Weapons
  1500 | D:2      | Reached XP level 4. HP: 33/33 MP: 9/9
  1547 | D:2      | Found Uluok's General Store.
  1566 | D:2      | Identified the +1 plate armour of the Marlin {Contam rN+
                  | Regen+ Slay+5}
  2015 | D:2      | Killed Crazy Yiuf
  2016 | D:2      | Reached skill level 1 in Fighting
  2301 | D:3      | Reached skill level 2 in Fighting
  2383 | D:3      | Reached XP level 5. HP: 42/42 MP: 10/10
  2535 | D:4      | Found a sand-covered staircase.
  2541 | Ossuary  | Entered an ossuary
  2541 | Ossuary  | Noticed a wraith
  2541 | Ossuary  | Noticed a wraith
  2541 | Ossuary  | Noticed a wraith
  2629 | Ossuary  | Reached skill level 1 in Armour
  2674 | Ossuary  | Reached skill level 3 in Fighting
  2782 | Ossuary  | Noticed a wraith
  2789 | Ossuary  | Killed a wraith
  2790 | Ossuary  | Reached XP level 6. HP: 32/52 MP: 11/11
  2860 | D:4      | Identified 3 scrolls of acquirement
  2874 | D:4      | Reached skill level 4 in Fighting
  2988 | D:4      | Found a glowing drain.
  3001 | Sewer    | Entered a sewer
  3076 | Sewer    | Reached XP level 7. HP: 55/60 MP: 13/13
  3235 | D:4      | Noticed Eustachio
  3242 | D:4      | Killed Eustachio
  3243 | D:4      | Reached skill level 5 in Fighting
  3334 | D:4      | Reached skill level 1 in Throwing
  3574 | D:4      | Noticed Menkaure
  3579 | D:4      | Killed Menkaure
  3893 | D:5      | Entered Level 5 of the Dungeon
  3901 | D:5      | Reached XP level 8. HP: 70/70 MP: 14/14
  3906 | D:5      | Reached skill level 5 in Armour
  3911 | D:5      | Reached skill level 6 in Fighting
  4009 | D:5      | Found a staircase to the Ecumenical Temple.
  4060 | D:5      | Acquired the ring of the Tortured God {Ice Will++ MP-9
                  | Int+2 Slay+3}
  4065 | D:5      | Acquired a +0 pair of gloves of strength
  4079 | D:5      | Acquired 998 gold pieces
  4139 | D:5      | Reached skill level 7 in Fighting
  4269 | D:5      | Noticed Sigmund
  4278 | D:5      | Killed Sigmund
  4842 | D:6      | Reached XP level 9. HP: 79/79 MP: 6/15
  5174 | D:6      | Identified the +8 whip "Peoghoff" {flame, Contam rElec
                  | Will+}
  5271 | D:6      | Got Imeyfema's Treatise on Spellbinding and Conflict
  5803 | D:7      | Reached skill level 8 in Fighting
  5822 | D:7      | Found a runed translucent door.
  6219 | D:8      | Reached skill level 5 in Dodging
  6240 | D:8      | Reached XP level 10. HP: 90/90 MP: 7/16
  6330 | D:8      | Reached skill level 9 in Fighting
  6466 | D:8      | Found Efoag's Distillery.
  6479 | D:8      | Bought a potion of haste for 140 gold pieces
  6640 | D:8      | Reached skill level 1 in Axes
  6938 | D:9      | Found a staircase to the Orcish Mines.
  7089 | D:9      | Found a flagged portal.
  7105 | Bailey   | Entered a bailey
  7201 | Bailey   | Noticed an orc knight
  7215 | Bailey   | Slain by an orc knight

Illustrated notes

Levels and vault maps discovered:
D:1:      lemuel_arrival_river_bridge, layout_loops_ring, minivault_26
D:2:      layout_loops_corners, serial_shops, nicolae_shop_peninsula,
          kennysheep_generic_room_15, uniq_crazy_yiuf_cottage
D:3:      layout_rooms, lemuel_doored_altar, minmay_guardbox
D:4:      layout_basic, mainiacjoe_overflow_paths,
          lemuel_zombie_altar_kikubaaqudgha, nicolae_overflow_crystal_walls,
          marbit_many_paths, nicolae_ossuary_entry_catacombs,
          portal_sewer_entry_b, serial_bayou_pond_e, minmay_lizard_king,
          uniq_eustachio, uniq_menkaure
D:5:      layout_cave_pools, kennysheep_okawaru_gauntlet,
          mainiacjoe_overflow_small_starburst, nicolae_ru_the_path_less_chosen,
          minmay_temple_entry_overgrown, uniq_sigmund
D:6:      layout_basic, chequers_jeans
D:7:      layout_cave_pools, bloody_makhleb, nicolae_ashenzari_skybound,
          lemuel_tele_altar, lemuel_round_altar, dk_yredelemnul_ordeal,
          serial_glass, glass_columns_b, glass_columns_b, minmay_strange_pillars
D:8:      wad_pebble_path, layout_basic, serial_shops, nicolae_shop_tiny_glass
D:9:      layout_small_grid, mainiacjoe_overflow_brackets, david_lair_shrubbed,
          hiddenorc2_lemuel, enter_bailey_3, serial_shops, kennysheep_mini,
          columned_hall_lemuel, serial_bayou_lake_a
Bailey:   bailey_axe_3, bailey

Skill      XL: |  1  2  3  4  5  6  7  8  9 10 |
---------------+-------------------------------+-----
Short Blades   | 1 2 |  2.0
Dodging        | 2 3 5 |  5.0
Spellcasting   | 2 |  2.0
Hexes          | 3 |  3.0
Stealth        | 3 |  3.0
Ice Magic      | 1 2 |  2.0
Ranged Weapons | 1 2 |  2.0
Fighting       | 2 3 4 5 7 8 9 |  9.6
Armour         | 2 3 4 6 8 |  8.8
Throwing       | 1 |  1.0
Axes           | 4 |  4.6

Action                     |  1- 3 |  4- 6 |  7- 9 | 10-12 || total
---------------------------+-------+-------+-------+-------++-------
  Melee: Dagger            |    72 |   170 |   221 |       ||   463
         Punch             |     2 |     3 |     2 |       ||     7
         Whip              |       |       |   108 |   191 ||   299
   Fire: Sling             |    19 |    14 |       |       ||    33
  Throw: Dart              |       |       |    12 |       ||    12
   Cast: Ensorcelled Hiber |     6 |     1 |       |       ||     7
  Evoke: Wand              |       |     1 |       |     1 ||     2
    Use: Scroll            |       |     6 |     6 |     3 ||    15
   Stab: Sleeping          |     9 |     1 |       |       ||    10
 Armour: Robe              |    32 |     5 |       |       ||    37
         Plate armour      |       |   191 |   293 |   207 ||   691
  Dodge: Dodged            |    68 |    15 |   100 |    85 ||   268

Table legend: (Time is in decaauts)
 A = Elapsed time spent in this place.
 B = Non-inter-level travel time spent in this place.
 C = Inter-level travel time spent in this place.
 D = Time resting spent in this place.
 E = Time spent auto-exploring this place.
 F = Levels seen in this place.
 G = Mean time per level.
                   A        B        C        D        E       F      G
               +--------+--------+--------+--------+--------+-----+--------+
         Total |   7229 |   6822 |    407 |     71 |   4372 |  12 |  602.4 |
       Dungeon |   6605 |   6198 |    407 |     71 |   4280 |   9 |  733.9 |
         Sewer |    211 |    211 |      0 |      0 |     90 |   1 |  211.0 |
       Ossuary |    303 |    303 |      0 |      0 |      0 |   1 |  303.0 |
        Bailey |    109 |    109 |      0 |      0 |      2 |   1 |  109.0 |
               +--------+--------+--------+--------+--------+-----+--------+

Top non-repeatable levels by time:
     D:2: 1309 daAuts
     D:6: 910 daAuts
     D:4: 891 daAuts
     D:1: 804 daAuts
     D:5: 748 daAuts
     D:8: 725 daAuts
     D:7: 539 daAuts
     D:3: 393 daAuts
 Ossuary: 303 daAuts
     D:9: 283 daAuts
   Sewer: 211 daAuts
  Bailey: 109 daAuts
